 Dungeon Crawl Stone Soup version 0.30.1-11-g7821555f0a (webtiles) character file.

Game seed: 13454357608704938767

76 Ivernyr the Twirler (level 4, -2/35 HPs)
             Began as a Formicid Fighter on Dec 13, 2023.
             Constricted to death by Ijyb (6 damage)
             ... on level 3 of the Dungeon.
             The game lasted 00:04:39 (1554 turns).

Ivernyr the Twirler (Formicid Fighter)              Turns: 1554, Time: 00:04:40

Health: -2/35      AC:  6    Str: 22    XL:     4   Next: 57%
Magic:  4/4        EV:  6    Int:  8    God:
Gold:   193        SH:  5    Dex: 13    Spells: 3/3 levels left

rFire   . . .        a - +0 quarterstaff
rCold   . . .        c - +0 buckler
rNeg    . . .        b - +0 scale mail
rPois   .            (helmet unavailable)
rElec   .            (no cloak)
rCorr   .            (no gloves)
SInv    +            (no boots)
Will    .....        j - amulet of the acrobat Stlth
                     (no ring)
HPRegen 0.25/turn    (no ring)
MPRegen 0.09/turn

%: acrobat
@: grasped by roots, constricted
A: permanent stasis, dig shafts and tunnels, antennae 3, four strong arms
a: Dig, Shaft Self


You were on level 3 of the Dungeon.
You visited 1 branch of the dungeon, and saw 3 of its levels.

You collected 193 gold pieces.

Inventory:

Hand Weapons
 a - a +0 quarterstaff (weapon)
Armour
 b - a +0 scale mail (worn)
 c - a +0 buckler (worn)
Jewellery
 j - an amulet of the acrobat (around neck)
 l - a ring of protection from cold
Wands
 n - a wand of roots (8)
Scrolls
 i - a scroll of identify {unknown}
 m - a scroll of fog {unknown}
Potions
 d - a potion of might
 e - a potion of brilliance {unknown}
 f - a potion of lignification {unknown}
 g - a potion of attraction {unknown}
 h - a potion of invisibility {unknown}
 k - a potion of cancellation {unknown}


   Skills:
 - Level 3.3 Fighting
 * Level 4.3 Staves
 - Level 3.3 Armour
 - Level 4.0 Shields


You had 3 spell levels left.
You didn't know any spells.
Your spell library was empty.

Dungeon Overview and Level Annotations

Branches:
Dungeon (3/15)

Altars:

Annotations:
D:3 Ijyb


Innate Abilities, Weirdness & Mutations

You cannot be hasted, slowed, berserked, paralysed or teleported.
You can dig through walls and to a lower floor.
You have a pair of large antennae on your head. (SInv)
Your four strong arms can wield two-handed weapons with a shield.


Message History

The grasping roots release their grip on you.
You sock Ijyb!
Ijyb is heavily wounded.
Ijyb hits you with a +2 vampiric dagger.
Ijyb draws strength from your wounds!
You hit Ijyb but do no damage.
Ijyb is moderately wounded.
Ijyb hits you with a +2 vampiric dagger.
You closely miss Ijyb.
Ijyb is moderately wounded.
Ijyb hits you with a +2 vampiric dagger.
Ijyb draws strength from your wounds!
You barely miss Ijyb.
Ijyb is moderately wounded.
Ijyb zaps a wand.
The roots erupt in riotous growth!
The grasping roots grab you!
Ijyb is unaffected.
The grasping roots constrict you.
Ijyb hits you with a +2 vampiric dagger.
Ijyb draws strength from your wounds! The grasping roots constrict you.
* * * LOW HITPOINT WARNING * * *
You barely miss Ijyb.
Ijyb is moderately wounded.
Ijyb hits you but does no damage. The grasping roots constrict you.
* * * LOW HITPOINT WARNING * * *
The grasping roots release their grip on you.
You hit Ijyb but do no damage.
Ijyb is moderately wounded.
Ijyb zaps a wand.
The roots erupt in riotous growth!
The grasping roots grab you!
Ijyb is unaffected.
The grasping roots constrict you.
* * * LOW HITPOINT WARNING * * *
Unknown command.
You closely miss Ijyb.
Ijyb is moderately wounded.
Ijyb hits you but does no damage. The grasping roots constrict you.
* * * LOW HITPOINT WARNING * * *
You sock Ijyb!
Ijyb is severely wounded.
Ijyb hits you but does no damage. The grasping roots constrict you.
You die...

#. # ###. .#
+...#######.#
#...........###
#..............
#..............
#......@g......
#..............
#####.#####....
#.######.# ...
#........# #
######..#
#...#..#######
#.#.#.........
#.#.#.########


You could see Ijyb.

Vanquished Creatures
  4 adders (D:2)
  2 dart slugs (D:2)
  4 ball pythons
  3 bats
  4 endoplasms
  A giant cockroach (D:1)
  4 goblins
  4 hobgoblins
  2 quokkas (D:1)
  3 kobolds (D:2)
  A rat (D:1)
32 creatures vanquished.

Notes
Turn   | Place    | Note
-------+----------+-------------------------------------------
     0 | D:1      | Ivernyr the Formicid Fighter began the quest for the Orb.
     0 | D:1      | Reached XP level 1. HP: 18/18 MP: 1/1
    68 | D:1      | Reached XP level 2. HP: 24/24 MP: 2/2
   758 | D:2      | Reached XP level 3. HP: 26/29 MP: 3/3
  1032 | D:2      | Reached XP level 4. HP: 33/35 MP: 4/4
  1539 | D:3      | Noticed Ijyb
  1554 | D:3      | Constricted to death by Ijyb

Illustrated notes

Levels and vault maps discovered:
D:1:      dpeg_arrival_lava_temple_mockup, layout_basic
D:2:      layout_loops_cross, st_stairs_10
D:3:      layout_basic, mainiacjoe_overflow_alcove_4, lemuel_doored_altar,
          dancing_weapons_uskayaw, uniq_robin, uniq_ijyb, uniq_jessica,
          uniq_sigmund

Skill      XL: |  1  2  3 |
---------------+----------+-----
Staves         | 3 4 |  4.3
Fighting       | |  3.3
Armour         | |  3.3
Shields        | |  4.0

Action                     |  1- 3 |  4- 6 || total
---------------------------+-------+-------++-------
  Melee: Quarterstaff      |    65 |    44 ||   109
 Armour: Scale mail        |    30 |     8 ||    38
  Dodge: Dodged            |    29 |    17 ||    46
  Block: Buckler           |    16 |    11 ||    27
